 Dungeon Crawl Stone Soup version 0.28-b1-25-g9875b3fc8c (webtiles) character file.

Game seed: 782586688230967869

42 Masnef the Sneak (level 3, -4/52 HPs)
             Began as a Gnoll Wanderer on Feb 6, 2022.
             Was a Follower of Trog.
             Slain by Natasha (8 damage)
             ... on level 2 of the Dungeon.
             The game lasted 00:02:20 (1315 turns).

Masnef the Sneak (Gnoll Wanderer)                   Turns: 1315, Time: 00:02:21

Health: -4/52      AC:  3    Str: 10    XL:     3   Next: 56%
Magic:  7/7        EV: 11    Int: 12    God:    Trog [*.....]
Gold:   2          SH:  0    Dex: 13    Spells: 6/7 levels left

rFire   . . .      SeeInvis .   f - +0 short sword (venom)
rCold   . . .      Faith    .   (no shield)
rNeg    . . .      Spirit   .   c - +0 robe
rPois   .          Reflect  .   (no helmet)
rElec   .          Harm     .   (no cloak)
rCorr   .          Rampage  .   g - +0 pair of gloves
Will    .....                   (no boots)
Stlth   ..........              (no amulet)
HPRegen 0.17/turn               (no ring)
MPRegen 0.10/turn               (no ring)

@: berserking, very quick
A: fangs 1, strong nose, distributed training
a: Renounce Religion, Berserk


You were on level 2 of the Dungeon.
You worshipped Trog.
Trog was aware of your devotion.
You visited 1 branch of the dungeon, and saw 2 of its levels.

You collected 2 gold pieces.

Inventory:

Hand Weapons
 a - a +3 dagger
 f - a +0 short sword of venom (weapon)
Missiles
 h - 6 javelins
 k - a throwing net
Armour
 c - a +0 robe (worn)
 g - a +0 pair of gloves (worn)
Scrolls
 e - 2 scrolls of silence {unknown}
 i - a scroll of summoning {unknown}
 l - a scroll of teleportation {unknown}
Potions
 b - a potion of might
 d - a potion of ambrosia {unknown}
 j - a potion of attraction {unknown}


   Skills:
 + Level 6.5 Fighting
 + Level 0.8 Short Blades
 + Level 0.8 Long Blades
 + Level 0.8 Axes
 + Level 0.8 Maces & Flails
 + Level 0.8 Polearms
 + Level 0.8 Staves
 + Level 0.8 Slings
 + Level 0.8 Bows
 + Level 0.8 Crossbows
 + Level 0.8 Throwing
 + Level 0.8 Armour
 + Level 0.8 Dodging
 + Level 7.8 Stealth
 + Level 0.8 Shields
 + Level 0.8 Unarmed Combat
 + Level 2.8 Spellcasting
 + Level 0.5 Conjurations
 + Level 0.5 Hexes
 + Level 0.5 Summonings
 + Level 0.5 Necromancy
 + Level 0.5 Translocations
 + Level 0.5 Transmutations
 + Level 0.5 Fire Magic
 + Level 3.7 Ice Magic
 + Level 0.5 Air Magic
 + Level 0.5 Earth Magic
 + Level 0.5 Poison Magic
 + Level 1.0 Invocations
 + Level 0.8 Evocations


You had 6 spell levels left.
You knew the following spells:

 Your Spells              Type           Power      Damage    Failure   Level
a - Freeze                Ice            40%        1d6       5%          1

Your spell library contained the following spells:

 Spells                   Type           Power      Damage    Failure   Level
 Frozen Ramparts          Ice            20%        1d4       16%         3


Dungeon Overview and Level Annotations

Branches:
Dungeon (2/15)

Altars:
Trog

Annotations:
D:2 Natasha


Innate Abilities, Weirdness & Mutations

You have very sharp teeth.
Your uncanny sense of smell can sniff out nearby items.
Your experience applies equally to all skills.


Message History

You kill the quokka!
Trog accepts your kill.
No target in view!
No target in view!
No target in view!
A ball python comes into view.
Natasha, Servant of Life and Death comes into view.
Natasha hisses angrily.
The ball python hisses angrily.
Natasha mumbles some strange words.
Found 5 poisoned darts.
The ball python closely misses you. The ball python barely misses you.
You closely miss the ball python. The ball python bites you.
The ball python grabs you. The ball python constricts you.
You barely miss the ball python. Your bite misses the ball python.
The ball python barely misses you. The ball python constricts you.
Natasha casts a spell.
You hit the ball python.
The ball python is poisoned.
The ball python is severely wounded.
The ball python bites you. The ball python constricts you.
Natasha mumbles some strange words.
The ball python closely misses you. The ball python constricts you.
The white imp gestures at you. The puff of frost hits you!
A red film seems to cover your vision as you go berserk!
You feel yourself moving faster!
You feel mighty!
You kill the ball python!
Trog accepts your kill. The shadow imp gestures at you.
Pain shoots through your body! The white imp gestures at you.
The puff of frost hits you!
* * * LOW HITPOINT WARNING * * *
You closely miss Natasha. Natasha claws you!
* * * LOW HITPOINT WARNING * * *
Unknown command.
You hit Natasha.
Natasha is poisoned.
Natasha is moderately wounded.
The white imp gestures at you. The puff of frost misses you. Natasha claws you!
You die...

#.# ........# ###.#
.......# . ###...#
### ......## ..
#...... ....#(......
... #....#. ..
.......##.... ...##..
##. ....5.5.#∆ ..
#... #.. ##...5#
#.... ∆
#.######..@h.## #....
#.##.....#.....(..
..>...
####.#.......$#.#####
##.....
##......#...####.#
##....
##...#####.....# .
#.... #...## #...#.#
.# ##..#######...#...
# .....†......... ...
..################..


You could see Natasha (very poisoned), a white imp (summoned) and 2 shadow imps.

Vanquished Creatures
  A dart slug (D:1)
  An endoplasm (D:1)
  3 giant cockroaches (D:1)
  A goblin (D:1)
  7 hobgoblins
  6 kobolds
  3 quokkas
  6 ball pythons
  2 bats (D:1)
  2 frilled lizards (D:1)
  A rat (D:1)
33 creatures vanquished.

Notes
Turn   | Place    | Note
-------+----------+-------------------------------------------
     0 | D:1      | Masnef the Gnoll Wanderer began the quest for the Orb.
     0 | D:1      | Masnef set off with the following items: a +3 dagger, a
                  | potion of might, a +0 robe; and the following spell
                  | memorised: Freeze; and the following spells available to
                  | memorise: Frozen Ramparts
     0 | D:1      | Reached XP level 1. HP: 23/23 MP: 4/4
   260 | D:1      | Reached XP level 2. HP: 20/29 MP: 5/5
   684 | D:1      | Reached XP level 3. HP: 35/35 MP: 7/7
   801 | D:1      | You fall into a shaft and drop 1 floor!
  1004 | D:1      | Found a faded altar of an unknown god.
  1013 | D:1      | Prayed at the altar of an unknown god.
  1013 | D:1      | Became a worshipper of Trog the Wrathful
  1013 | D:1      | Reached * piety under Trog
  1176 | D:2      | Reached skill level 1 in Invocations
  1307 | D:2      | Noticed Natasha
  1315 | D:2      | Slain by Natasha

Illustrated notes

Levels and vault maps discovered:
D:1:      dpeg_arrival_radiant, layout_rooms,
          dreamdust_ecumenical_altar_statues, minmay_misc_feat_rows,
          minivault_23
D:2:      layout_rooms, uniq_natasha

Skill      XL: |  1  2  3 |
---------------+----------+-----
Invocations    | 1 |  1.0
Fighting       | |  6.5
Short Blades   | |  0.8
Long Blades    | |  0.8
Axes           | |  0.8
Maces & Flails | |  0.8
Polearms       | |  0.8
Staves         | |  0.8
Slings         | |  0.8
Bows           | |  0.8
Crossbows      | |  0.8
Throwing       | |  0.8
Armour         | |  0.8
Dodging        | |  0.8
Stealth        | |  7.8
Shields        | |  0.8
Unarmed Combat | |  0.8
Spellcasting   | |  2.8
Conjurations   | |  0.5
Hexes          | |  0.5
Summonings     | |  0.5
Necromancy     | |  0.5
Translocations | |  0.5
Transmutations | |  0.5
Fire Magic     | |  0.5
Ice Magic      | |  3.7
Air Magic      | |  0.5
Earth Magic    | |  0.5
Poison Magic   | |  0.5
Evocations     | |  0.8

Action                   || total
-------------------------++-------
Melee: Dagger            ||    51
       Bite              ||     5
       Short sword       ||    44
       Punch             ||     3
Invok: Berserk           ||     2
 Stab: Sleeping          ||     7
Armor: Robe              ||    23
Dodge: Dodged            ||    75
